 Dungeon Crawl Stone Soup version 0.18-a0-1718-g40ea4b6 (webtiles) character file.

76461 ololoev the Severer (level 15, -15/139 HPs)
             Began as a Hill Orc Fighter on Apr 8, 2016.
             Was a High Priest of the Shining One.
             Demolished by a hell knight
             ... wielding a +3 long sword of flaming
              (17 damage)
             ... on level 1 of the Depths.
             The game lasted 01:55:30 (22712 turns).

ololoev the Severer (Hill Orc Fighter)             Turns: 22712, Time: 01:55:31

Health: -15/139    AC: 24    Str: 26    XL:     15   Next: 53%
Magic:  4/23       EV: 10    Int: 10    God:    the Shining One [*****.]
Gold:   84         SH:  0    Dex: 10    Spells: 0 memorised, 14 levels left

rFire  . . .     SeeInvis .     a - +2 battleaxe (freeze)
rCold  . . .     Gourm    .     j - +0 plate armour
rNeg   + + .     Faith    +     (shield currently unavailable)
rPois  +         Spirit   .     (no helmet)
rElec  .         Dismiss  .     h - +1 cloak
rCorr  +         Reflect  .     E - +3 pair of gloves of Winter {rPois Int+2}
SustAt .         Harm     .     p - +0 pair of boots
MR     +++..                    C - amulet of faith
Stlth  ..........               w - ring of protection from magic
                                d - ring of resist corrosion

@: glowing, extremely resistant to hostile enchantments, extremely unstealthy
A: magic resistance 1
a: Divine Shield, Cleansing Flame, Summon Divine Warrior, Renounce Religion


Innate Abilities, Weirdness & Mutations

You are resistant to hostile enchantments.

Inventory:

Hand Weapons
 a - a +2 battleaxe of freezing (weapon)
Armour
 b - a +0 ice dragon armour
 h - a +1 cloak (worn)
 j - a +0 plate armour (worn)
 p - a +0 pair of boots (worn)
 E - the +3 pair of gloves of Winter (worn) {rPois Int+2}
   (You found it on level 10 of the Dungeon)

   It affects your intelligence (+2).
   It protects you from poison.
 K - a troll hide
Jewellery
 d - a ring of resist corrosion (left hand)
 w - a ring of protection from magic (right hand)
 C - an amulet of faith (around neck)
Wands
 x - a wand of teleportation (5/9)
Scrolls
 g - 4 scrolls of remove curse
 i - 3 scrolls of enchant armour
 k - 4 scrolls of enchant weapon
 l - 3 scrolls of teleportation
 m - a scroll of blinking
 n - 8 scrolls of fog
 q - 2 scrolls of immolation
 v - a scroll of magic mapping
 y - 2 scrolls of recharging
 L - 2 scrolls of identify
Potions
 o - a potion of brilliance
 B - 2 potions of cancellation
 G - a potion of cure mutation
 I - 2 potions of magic
Miscellaneous
 J - a legendary deck of wonders {drawn: 7}
 M - a lamp of fire
Comestibles
 f - 3 bread rations
 r - 3 slices of pizza
 t - 4 royal jellies
 D - 5 meat rations


   Skills:
 + Level 14.7 Fighting
 * Level 20.7 Axes
 + Level 13.5 Armour
 + Level 6.5 Dodging
   Level 3.2 Shields
 + Level 11.4 Invocations


You had 14 spell levels left.
You didn't know any spells.


You were on level 1 of the Depths.
You worshipped the Shining One.
The Shining One was extremely pleased with you.
You were very hungry.

You visited 3 branches of the dungeon, and saw 17 of its levels.

You collected 1089 gold pieces.
You spent 881 gold pieces at shops.

#.#.#.## #..#..## #.. ..
#.#.#.## #.# #' ##...###
#.. #. ##...### #.#.'.
##...### #...# p
#.#.#.##########.#.##'##
#..#..##########pp......
..#.#...###...##@#.#.#.
.#...#.#...#.#)())......
#.....#.....#..).......#
.#...#.#...#.#..#......#
..#.#...###...###......#
#..#..########## ......#
#.#.#.###########......#
##...## ......# ##...##
....

Notes
Turn   | Place    | Note
--------------------------------------------------------------
     0 | D:1      | ololoev the Hill Orc Fighter began the quest for the Orb.
     0 | D:1      | Reached XP level 1. HP: 19/19 MP: 1/1
     7 | D:1      | Noticed an electric eel
    17 | D:1      | Reached skill level 3 in Axes
    58 | D:1      | Reached XP level 2. HP: 24/27 MP: 2/2
   525 | D:2      | Reached XP level 3. HP: 33/33 MP: 3/3
   678 | D:2      | Noticed Natasha
   685 | D:2      | Killed Natasha
   685 | D:2      | Reached skill level 4 in Axes
   840 | D:2      | Noticed Jessica
   867 | D:2      | Killed Jessica
   867 | D:2      | Reached XP level 4. HP: 30/40 MP: 4/4
  1042 | D:2      | Noticed Ijyb
  1060 | D:2      | Killed Ijyb
  1084 | D:2      | Reached XP level 5. HP: 43/47 MP: 5/5
  1214 | D:2      | Reached skill level 5 in Axes
  1804 | D:3      | Found a bloodstained altar of Trog.
  1820 | D:3      | Noticed Grinder
  1828 | D:3      | Paralysed by Grinder for 2 turns
  1835 | D:3      | Killed Grinder
  1835 | D:3      | Reached skill level 5 in Fighting
  1835 | D:3      | Reached skill level 6 in Axes
  1835 | D:3      | Reached skill level 5 in Armour
  1835 | D:3      | Reached XP level 6. HP: 33/56 MP: 6/6
  2507 | D:4      | Noticed Natasha
  2514 | D:4      | Reached skill level 7 in Axes
  2514 | D:4      | Reached XP level 7. HP: 41/61 MP: 7/7
  2514 | D:4      | Killed Natasha
  2590 | D:4      | Noticed Natasha
  2590 | D:4      | ololoev: так
  2590 | D:4      | ololoev: это уже похоже на баг
  2590 | D:4      | ololoev: хотя не
  2590 | D:4      | ololoev: норм
  2597 | D:4      | Killed Natasha
  2767 | D:4      | Reached skill level 8 in Axes
  3150 | D:4      | Reached XP level 8. HP: 65/70 MP: 8/8
  3202 | D:4      | Goblin1989: как строчка в настройках звучит которая позволяет сообщения из чата писать?
  3206 | D:4      | ololoev: в смысле писат ьв лог?
  3206 | D:4      | Goblin1989: ага
  3206 | D:4      | ololoev: note_chat_messages=true
  3417 | D:5      | Entered Level 5 of the Dungeon
  3634 | D:5      | Goblin1989: спасибо. удобная функция
  3639 | D:5      | Reached skill level 9 in Axes
  3650 | D:5      | Goblin1989: что?
  3651 | D:5      | Goblin1989: тенгу на Д5?
  3651 | D:5      | ololoev: полиморф
  3664 | D:5      | Goblin1989: аааа
  3871 | D:5      | Goblin1989: полиморфам по идее тоже рано
  3879 | D:5      | ololoev: палка полиморфа
  3879 | D:5      | ololoev: не шейпшифтер
  3940 | D:5      | Goblin1989: а зачем ты так делаешь?
  3942 | D:5      | ololoev: ради прикола
  3959 | D:5      | ololoev: не, ну огра чтобы дубину уронил
  3959 | D:5      | ololoev: а так по приолу
  4424 | D:5      | Reached skill level 10 in Axes
  4605 | D:5      | You fall through a shaft for 2 floors!
  4606 | D:7      | Found Upsucuna's Jewellery Emporium.
  4649 | D:7      | Noticed Menkaure
  4668 | D:7      | Killed Menkaure
  4668 | D:7      | Reached XP level 9. HP: 69/80 MP: 9/9
  4847 | D:7      | Reached skill level 11 in Axes
  5316 | D:6      | Noticed ololoev's ghost (novice MfSu)
  5320 | D:6      | ololoev: приехали блин
  5580 | D:6      | Reached skill level 12 in Axes
  5629 | D:6      | Killed ololoev's ghost
  5655 | D:6      | Reached XP level 10. HP: 88/90 MP: 10/10
  6022 | D:6      | Reached skill level 13 in Axes
  6232 | D:7      | Found a staircase to the Ecumenical Temple.
  6244 | Temple   | Entered the Ecumenical Temple
  6289 | Temple   | Became a worshipper of the Shining One
  6407 | D:7      | Found a bloodstained altar of Trog.
  6531 | D:7      | Found Qibal's Magic Scroll Boutique.
  6536 | D:7      | Bought a scroll of random uselessness for 15 gold pieces
  6536 | D:7      | Bought a scroll of identify for 30 gold pieces
  6536 | D:7      | Bought a scroll of fear for 52 gold pieces
  6536 | D:7      | Bought a scroll of identify for 30 gold pieces
  7018 | D:8      | Noticed Pikel
  7038 | D:8      | Killed Pikel
  7123 | D:8      | Found Vuikob's Gadget Emporium.
  7126 | D:8      | Found Seownesch's Food Boutique.
  7213 | D:8      | Found a staircase to the Lair.
  7239 | D:8      | Reached skill level 14 in Axes
  7260 | D:8      | Reached skill level 10 in Fighting
  7485 | D:8      | Goblin1989: а че ты бенефикал не пьешь?
  7486 | D:8      | ololoev: сначала намутиную что-нибудь мясом
  7486 | D:8      | ololoev: если хрень то смою
  7486 | D:8      | ololoev: если не хрень то запоилрую бенмутом
  7488 | D:8      | BrandedWarrior: а, правильно.
  7494 | D:8      | Reached * piety under the Shining One
  7502 | D:8      | BrandedWarrior: о, пиети идет
  7523 | D:8      | Goblin1989: так он демонов тоже убивает же
  7534 | D:8      | Reached XP level 11. HP: 71/101 MP: 11/11
  7556 | D:8      | Goblin1989: скелетов там, зомби
  7690 | D:7      | Gained mutation: Your muscles are strong. (Str +2) [potion of beneficial mutation]
  7921 | D:8      | BrandedWarrior: ну да. Я просто первых подобных увидел. До этого не смотрел
  7925 | D:8      | Reached skill level 15 in Axes
  8350 | D:8      | Found Zeis's Antique Armour Emporium.
  9086 | D:8      | Found a blossoming altar of Fedhas.
  9178 | D:8      | Found Erielu Saeti's Antique Armour Emporium.
  9343 | D:8      | Reached skill level 1 in Invocations
  9387 | D:8      | Bought a fine scale mail for 234 gold pieces
  9397 | D:8      | Identified the +1 scale mail of Space {+Inv} (You bought it in a shop on level 8 of the Dungeon)
  9397 | D:8      | BrandedWarrior: плащ можно было взять
  9462 | D:9      | Reached skill level 10 in Armour
  9673 | D:9      | Reached ** piety under the Shining One
  9963 | D:9      | Found a staircase to the Orcish Mines.
  9966 | D:9      | Goblin1989: а ТСО что ли тоже не разрешает человечинкой питаться?
  9966 | D:9      | ololoev: своими спишезами нельзя
  9966 | D:9      | ololoev: пчелы достали
 10234 | D:9      | Goblin1989: а, ты же орк. забыл совсем про эо
 10241 | D:9      | Goblin1989: *это
 10264 | D:9      | Reached skill level 16 in Axes
 10359 | D:9      | ololoev: это блин не данж, я в какой-то улей провалился!
 10363 | D:9      | ololoev: 27 killer bees
 10363 | D:9      | ololoev: где это видано!
 10380 | D:9      | Found a shadowy altar of Dithmenos.
 10572 | D:9      | Found Ijubynti's General Store.
 10680 | D:9      | BrandedWarrior: о, скролл заточки. На будущее
 10864 | D:9      | Reached XP level 12. HP: 56/110 MP: 15/15
 10871 | D:9      | BrandedWarrior: еще пчелы. бззззззз
 11346 | D:10     | Entered Level 10 of the Dungeon
 11495 | D:10     | Noticed Sonja
 11512 | D:10     | Killed Sonja
 11663 | D:10     | Reached skill level 5 in Invocations
 11670 | D:10     | BrandedWarrior: хоть не дистрошен был
 12023 | D:10     | Noticed Harold
 12028 | D:10     | Killed Harold
 12372 | D:10     | Got a pair of jewelled gloves
 12378 | D:10     | Identified the +3 pair of gloves of Winter {rPois Int+2} (You found it on level 10 of the Dungeon)
 12378 | D:10     | ololoev: шикарно
 12378 | D:10     | ololoev: рпойз на перчатках
 12489 | D:11     | Reached skill level 17 in Axes
 12561 | D:11     | Reached *** piety under the Shining One
 12683 | D:11     | Reached skill level 1 in Dodging
 12980 | D:11     | Goblin1989: а че ты лоундлес колечко не снимешь?
 12980 | D:11     | ololoev: а зачем?
 13013 | D:11     | Found Gozea's Pet Rocks.
 13717 | D:12     | Noticed Snorg
 13731 | D:12     | Killed Snorg
 14002 | D:12     | Goblin1989: а вот рефлекшн это тебе тоже не очень хорошшо
 14004 | D:12     | Goblin1989: а ну как отрзится чего нехорошего?
 14004 | D:12     | ololoev: разве не починили ругань ТСО на рефлект плохих вещей?
 14084 | D:12     | Reached XP level 13. HP: 110/119 MP: 18/18
 14167 | D:12     | Goblin1989: а должны былм?
 14290 | D:12     | ololoev: хз
 14290 | D:12     | ololoev: ну как-то тупо
 14339 | D:12     | Reached **** piety under the Shining One
 14560 | D:12     | jacquesderrida: ХАЙ!!!!!!
 14560 | D:12     | Goblin1989: на вики про то не написано
 14560 | D:12     | Goblin1989: подозревю что это не исправили
 14560 | D:12     | Goblin1989: здрась
 14560 | D:12     | Lost mutation: Your muscles are strong. (Str +2) [potion of cure mutation]
 14561 | D:12     | ololoev: yo
 14682 | D:13     | Reached skill level 18 in Axes
 15359 | D:13     | jacquesderrida: Вчера демоник гардиэн 2 прорезался на Д3
 15616 | D:13     | jacquesderrida: fun fact: все уникальные монстры умирают с одного удара айс девила
 15932 | D:14     | jacquesderrida: даже смоук демон убивает зигмундера за один ход облаком пара...
 15946 | D:14     | ololoev: норм
 15946 | D:14     | ololoev: так, мне кажется я подохну в депсах
 16020 | D:14     | jacquesderrida: А потом третий уровень гардиэна посетил миня на Д8 и понеслось...
 16020 | D:14     | jacquesderrida: зач не надо
 16020 | D:14     | jacquesderrida: зач тсо, лалеев
 16020 | D:14     | xeno23: дупз?
 16020 | D:14     | jacquesderrida: You have claws for hands. You are completely covered in iridescent scales (AC +8). You regenerate health from kills.
 16020 | D:14     | ololoev: duhz
 16020 | D:14     | jacquesderrida: лейл
 16053 | D:14     | jacquesderrida: вот ето прогрессия мутаций
 16112 | D:14     | jacquesderrida: когти 3 чешуя 3 пбд 2
 16136 | D:14     | xeno23: 8 ац, неплохо
 16136 | D:14     | ololoev: пбд норм
 16266 | D:14     | Found a sacrificial altar of Ru.
 16345 | D:14     | ololoev: га на клан зыркать ан кирзача
 16575 | D:14     | Reached ***** piety under the Shining One
 16732 | D:14     | Reached XP level 14. HP: 128/129 MP: 20/20
 16739 | D:14     | Reached skill level 19 in Axes
 16787 | D:14     | Found a gate to the Vaults.
 17365 | D:15     | Entered Level 15 of the Dungeon
 17365 | D:15     | Noticed an angel
 17370 | D:15     | jacquesderrida: As you read the scroll of identify, it crumbles to dust. _N - 2 potions of experience
 17370 | D:15     | jacquesderrida: prekol
 17385 | D:15     | Found Hitib's Hallowed Reliquary.
 17385 | D:15     | Found a white marble altar of Elyvilon.
 17398 | D:15     | jacquesderrida: Один из них был в магазе за 25 золота
 17407 | D:14     | ololoev: as you read a potion of experience it crumbles to dust
 17553 | D:14     | Reached skill level 5 in Dodging
 18532 | D:15     | jacquesderrida: the +0 helmet "Mobacac" {*Contam rElec Regen+ Dex-2}
 18537 | D:15     | jacquesderrida: che delat
 18545 | D:15     | jacquesderrida: CON TAM
 19021 | D:15     | Found a staircase to the Depths.
 19325 | D:7      | Bought an uncursed amulet of faith for 520 gold pieces
 19533 | Depths:1 | Entered Level 1 of the Depths
 19533 | Depths:1 | Noticed Nikola
 19541 | Depths:1 | Reached skill level 10 in Invocations
 19550 | Depths:1 | Killed Nikola
 19666 | Depths:1 | Found a gateway to a ziggurat.
 19667 | Depths:1 | Noticed an angel
 19873 | Depths:1 | Noticed a frost giant
 20290 | Depths:1 | Killed a frost giant
 20783 | Depths:1 | jacquesderrida: бля помир случяйн
 20821 | Depths:1 | Reached skill level 20 in Axes
 20830 | Depths:1 | Reached XP level 15. HP: 113/138 MP: 22/22
 21019 | D:15     | ololoev: еманарот!
 21019 | D:15     | ololoev: дрался с айс гигантом, с ледяным драконом
 21019 | D:15     | ololoev: получал фризом по жопе
 21019 | D:15     | ololoev: справился
 21019 | D:15     | ololoev: сделал шкуру ледяную и тут на тебе огнедракон
 21125 | Depths:1 | Noticed a frost giant
 21134 | Depths:1 | Noticed Mara
 21146 | Depths:1 | Gained mutation: You are resistant to hostile enchantments. [helix card]
 21191 | Depths:1 | Noticed a frost giant
 21203 | Depths:1 | Found a gateway to Hell.
 22228 | Depths:1 | Found a huge runed gate.
 22228 | Depths:1 | Found a huge runed gate.
 22228 | Depths:1 | Found a huge runed gate.
 22228 | Depths:1 | Found a huge runed gate.
 22228 | Depths:1 | Found a huge runed gate.
 22228 | Depths:1 | Found a huge runed gate.
 22228 | Depths:1 | Found a huge runed gate.
 22229 | Depths:1 | Found a huge runed gate.
 22229 | Depths:1 | Found a huge runed gate.
 22229 | Depths:1 | Found a huge runed gate.
 22234 | Depths:1 | Found a huge runed gate.
 22234 | Depths:1 | Found a huge runed gate.
 22234 | Depths:1 | Found a huge runed gate.
 22269 | Depths:1 | Killed a frost giant
 22590 | Depths:1 | Found a portal to a secret trove of treasure.
 22633 | Depths:1 | Reached ****** piety under the Shining One
 22712 | Depths:1 | HP: 2/139 [hell knight/enchanted great mace (12)]
 22712 | Depths:1 | Demolished by a hell knight

Dungeon Overview and Level Annotations

Branches:
Dungeon (15/15)            Temple (1/1) D:7            Lair (0/8) D:8
    Orc (0/2) D:9          Vaults (0/5) D:14         Depths (1/5) D:15

Altars:
Cheibriados
Dithmenos
Elyvilon
Fedhas
Gozag
Kikubaaqudgha
Makhleb
Okawaru
Qazlal
Ru
Sif Muna
Trog
Yredelemnul
Zin
The Shining One

Shops:
D:7 =?   D:8 [%}[   D:9 *   D:15 *

Portals:
Hell: Depths:1
Ziggurat: Depths:1
Trove: Depths:1 (give 2 scrolls of acquirement)

Annotations:
Depths:1 13 runed doors, Mara


Message History

The hell knight writhes in agony!
You kill the hell knight!
The Shining One accepts your kill.
You feel better.
You feel your power returning.
The golden flame engulfs the hell knight.
The hell knight writhes in agony!
The hell knight is almost dead.
The golden flame engulfs the hell knight.
The hell knight appears unharmed.
The hell knight is heavily wounded.
The golden flame engulfs the ogre.
The ogre writhes in agony!
The ogre is heavily wounded.
The golden flame engulfs the hell knight.
The hell knight appears unharmed.
You feel somewhat more hungry.
You hear a horrible gurgling sound!
The hell knight casts a spell at you. The puff of flame hits you!
The ogre closely misses you.
The hell knight hits you with an enchanted great mace.
Unknown command.
Unknown command.
Unknown command.
Use which ability? (? or * to list)
The golden flame engulfs you! You resist.
The golden flame engulfs the hell knight.
The hell knight writhes in agony!
The hell knight is lightly wounded.
The golden flame engulfs the hell knight.
The hell knight writhes in agony!
The hell knight is almost dead.
The golden flame engulfs the hell knight.
The hell knight writhes in agony!
The hell knight is heavily wounded.
The golden flame engulfs the ogre.
The ogre writhes in agony!
You kill the ogre!
You are feeling very hungry.
You hear a horrible gurgling sound!
The hell knight closely misses you. The hell knight casts a spell at you.
The bolt of fire hits the hell knight.
The hell knight completely resists.
The bolt of fire hits you!
The bolt of fire hits the hell knight.
The hell knight completely resists.
The hell knight hits you with an enchanted great mace.
The hell knight hits you but does no damage.
Unknown command.
Unknown command.
Use which ability? (? or * to list)
The golden flame engulfs you! You resist.
The golden flame engulfs the hell knight.
The hell knight writhes in agony!
The hell knight is lightly wounded.
The golden flame engulfs the hell knight.
The hell knight writhes in agony!
You kill the hell knight!
The Shining One accepts your kill.
The golden flame engulfs the hell knight.
The hell knight writhes in agony!
The hell knight is almost dead.
You feel somewhat more hungry.
You hear a horrible gurgling sound!
Unknown command.
Unknown command.
Unknown command.
You slice the hell knight!! You freeze the hell knight.
You kill the hell knight!
The Shining One accepts your kill.
You feel better.
You slash the hell knight! You freeze the hell knight.
The hell knight is moderately wounded.
The hell knight hits you with an enchanted great mace!
Unknown command.
Unknown command.
You slash the hell knight! You freeze the hell knight.
The hell knight is heavily wounded.
Unknown command.
You completely miss the hell knight.
The hell knight is heavily wounded.
You slash the hell knight! You freeze the hell knight.
The hell knight is moderately wounded.
The hell knight hits you with an enchanted great mace!
The hell knight hits you with a long sword of flaming!
You die...

You could see 2 hell knights.

Vanquished Creatures
  Nikola (Depths:1)
  2 frost giants (Depths:1)
  A stone giant (Depths:1)
  Snorg (D:12)
  6 vault guards
  A fire dragon (Depths:1)
  A yaktaur captain (D:15)
  An ogre mage (Depths:1)
  3 ice dragons (Depths:1)
  Harold (D:10)
  An entropy weaver (Depths:1)
  5 centaur warriors
  2 deep troll shamans (Depths:1)
  2 tengu warriors
  Sonja (D:10)
  3 skeletal warriors (D:12)
  11 hell knights
  2 deep trolls (Depths:1)
  The ghost of ololoev the Poker, a novice MfSu of Ashenzari (D:6)
  2 unseen horrors (D:14)
  A giant orange brain (Depths:1)
  5 hill giants
  Pikel (D:8)
  3 necromancers
  An orc knight (D:14)
  4 wizards
  2 deep elf magi
  A griffon (D:14)
  5 ugly things
  4 manticores
  A komodo dragon (D:12)
  A yaktaur (D:15)
  4 kobold demonologists (D:11)
  A tengu conjurer (D:14)
  A troll (shapeshifter) (Depths:1)
  A queen bee (D:8)
  6 two-headed ogres
  6 trolls
  Grinder (D:3)
  11 slime creatures
  A redback (Depths:1)
  A shadow (D:13)
  A vampire (D:15)
  21 humans (D:14)
  A tarantella (shapeshifter) (D:13)
  A wyvern (D:13)
  44 yaks
  2 basilisks
  5 hippogriffs
  3 hungry ghosts
  3 vampire mosquitoes (D:15)
  Menkaure (D:7)
  A mottled dragon (D:14)
  A naga (D:15)
  A soldier ant (D:14)
  A warg (D:14)
  2 water moccasins
  7 orc warriors
  5 porcupines (D:8)
  5 ice beasts
  3 sky beasts
  4 phantoms
  A necrophage (D:7)
  A tengu (D:5)
  11 ogres
  17 centaurs
  5 crocodiles (D:8)
  2 big kobolds
  14 giant frogs
  A gnoll sergeant (D:9)
  6 scorpions
  A water moccasin skeleton (D:7)
  33 killer bees
  12 wights
  5 howler monkeys
  6 crimson imps
  2 giant frog zombies
  8 jellies
  4 centaur zombies
  4 centaur skeletons
  3 orc priests
  13 hounds
  2 giant frog skeletons
  Jessica (D:2)
  4 orc wizards
  Ijyb (D:2)
  Natasha (thrice) (D:2 D:4)
  2 iguanas
  11 worker ants
  2 hound skeletons
  A worker ant zombie (D:11)
  11 gnolls
  19 adders
  2 river rats (D:8)
  6 shadow imps
  2 oozes
  2 worms
  4 giant geckos
  44 orcs
  A ball python (D:3)
  5 giant cockroaches
  12 goblins
  4 hobgoblins
  14 jackals
  17 kobolds
  4 quokkas
  3 bats
  3 giant newts
  11 rats
562 creatures vanquished.

Vanquished Creatures (collateral kills)
  A great orb of eyes (Depths:1)
  A redback (Depths:1)
2 creatures vanquished.

Vanquished Creatures (others)
  A tarantella (Depths:1)
  4 slaves (D:8)
  A killer bee (D:8)
  A hound skeleton (D:8)
  2 bushes (D:8)
  3 fungi (D:8)
  7 plants (D:8)
19 creatures vanquished.

Grand Total: 583 creatures vanquished

Action                   |  1- 3 |  4- 6 |  7- 9 | 10-12 | 13-15 || total
-------------------------+-------+-------+-------+-------+-------++-------
Melee: War axe           |    71 |   183 |    91 |       |       ||   345
       Battleaxe         |       |       |   220 |   701 |   670 ||  1591
Throw: Throwing net      |       |       |       |     1 |       ||     1
Invok: Divine Shield     |       |       |       |     1 |       ||     1
       Cleansing Flame   |       |       |       |       |     6 ||     6
       Summon Divine War |       |       |       |       |     2 ||     2
Evoke: Wand              |       |     3 |     8 |     3 |       ||    14
       Deck              |       |       |       |       |     7 ||     7
       Lamp of fire      |       |       |       |       |     1 ||     1
  Use: Potion            |       |     1 |     4 |     2 |    10 ||    17
       Scroll            |       |       |    10 |     8 |    16 ||    34
 Stab: Invisible         |       |       |    10 |       |       ||    10
  Eat: Chunk             |       |     1 |     2 |    18 |    21 ||    42
       Bread ration      |       |     1 |     1 |     2 |     1 ||     5
       Meat ration       |       |       |     1 |       |       ||     1
       Fruit             |       |       |       |     1 |       ||     1
       Royal jelly       |       |       |       |     2 |     1 ||     3

Vault maps used:
D:1:      arrival_aquarium_a, minivault_25
D:2:      first_bread, kennysheep_small_spiral, corexii_leaking_fountain,
          uniq_natasha, uniq_iyjb, uniq_jessica
D:3:      trog_three_pillars_becter, uniq_grinder
D:6:      sigmund_army
D:7:      minmay_temple_entry_hall, serial_shops, shop,
          nicolae_shop_statue_plus, trog_book, uniq_menkaure
D:8:      lemuel_doored_altar, minmay_lair_entry_grove, serial_shops, shop,
          kennysheep_mini, nicolae_shop_waterfront, nicolae_shop_trees,
          david_nohive_1, uniq_pikel
D:9:      grunt_dithmenos_smoke_and_mirrors, david_orc_2, serial_shops,
          nicolae_shop_temple_entry_statues_fountains
D:10:     uniq_sonja, uniq_harold
D:11:     guppyfry_shop_earth
D:12:     evilmike_minifort, uniq_snorg, uniq_fannar
D:13:     kennysheep_ambush_hall
D:14:     grunt_vaults_entry_tiered, basic_altar, hangedman_decor_opposing
D:15:     grunt_enter_depths_snipers, minmay_misc_feat_rugged, nicolae_good_shop
Temple:   grunt_circular_temple_18
Depths:1: enter_ziggurat_f, hell_entry, minmay_misc_feat_doors, enter_trove_5,
          nicolae_twisting_strands, corexii_corridor_pit, door_vault, uniq_mara,
          uniq_nikola
